 Dungeon Crawl Stone Soup version 0.30-a0-605-gb2882149bf (webtiles) character file.

Game seed: 12482692077727878017

1 drugrobin the Sneak (level 1, 0/15 (18) HPs)
             Began as a Demigod Delver on Jan 7, 2023.
             Slain by an adder (4 damage)
             ... on level 4 of the Dungeon.
             The game lasted 00:02:16 (244 turns).

drugrobin the Sneak (Demigod Delver)                 Turns: 244, Time: 00:02:16

HP:   0/15 (18)     AC:  3    Str: 13    XL:     1   Next: 13%
MP:   3/3           EV: 11    Int: 12    God:
Gold: 18            SH:  0    Dex: 15    Spells: 0/0 levels left

rFire   . . .      SeeInvis .      - Unarmed
rCold   . . .      Faith    .    (no shield)
rNeg    . . .      Spirit   .    a - +0 leather armour
rPois   .          Reflect  .    (no helmet)
rElec   .          Harm     .    (no cloak)
rCorr   .          Rampage  .    (no gloves)
Will    .....                    (no boots)
Stlth   +++                      (no amulet)
HPRegen 0.22/turn                (no ring)
MPRegen 0.08/turn                (no ring)

@: mighty, lethally poisoned (0 -> -2), heavily drained
A: high MP 1, forlorn, divine attributes
a: no special abilities


You were on level 4 of the Dungeon.
You visited 1 branch of the dungeon, and saw 2 of its levels.

You collected 18 gold pieces.

Inventory:

Armour
 a - a +0 leather armour (worn)
Wands
 f - a wand of digging (3)
Scrolls
 b - a scroll of fog
Potions
 g - a potion of might


   Skills:
 - Level 2.6 Fighting
 - Level 1.7 Dodging
 - Level 4.5 Stealth
 + Level 1.9 Unarmed Combat


You couldn't memorise any spells.
You didn't know any spells.
Your spell library contained the following spells:

 Spells                   Type           Power      Damage    Failure   Level
 Kiss of Death            Conj/Necr      0%         2d5       38%         1
 Confusing Touch          Hex            0%         N/A       77%         3
 Dispel Undead            Necr           0%         3d6       99%         4


Dungeon Overview and Level Annotations

Branches:
Dungeon (5/15)             Temple (0/1) D:5

Portals:
Sewer: D:4

Annotations:
D:4 Pikel


Innate Abilities, Weirdness & Mutations

You have an increased reservoir of magic. (+10% MP)
You shall have no god before yourself.
Your divine heritage dramatically boosts your attributes as you level up.


Message History

Found a glowing drain.
An adder and 2 ball pythons come into view.
Found a rapier.
The adder hisses angrily. x2; The ball python hisses angrily. x2
The ball python moves out of view.
Unknown command.
Unknown command.
Unknown command.
You hear the slow rusting of a drain.
The adder barely misses you.
Unknown command.
Unknown command.
You barely miss the adder. The adder bites you but does no damage.
The adder bites you.
Unknown command.
Unknown command.
The adder attacks as you move away! The adder bites you. x2
Unknown command.
The ball python attacks as you move away!
The ball python barely misses you. The ball python closely misses you.
Unknown command.
Unknown command.
Unknown command.
You miss the adder. The adder barely misses you.
You hit the adder but do no damage. The adder barely misses you.
The adder bites you but does no damage.
You barely miss the adder. The adder bites you.
You are poisoned.
The adder poisons you!
Unknown command.
Okay, then.
Okay, then.
It was a potion of might.
You feel very mighty all of a sudden.
You feel sick. The adder closely misses you.
Unknown command.
You punch the adder!
The adder is severely wounded.
You feel sick. The adder barely misses you. The adder bites you.
You die...

,,,*
*#.##.#*...**
*,** #.##.#*#.#*
*,* #.##.# #.#
#.#####.##.# #.#
#....<.....###.#
#.......g......#
..#####.######.#
..# #.# #.#####
..# #.# #..@SS##
..#####.#
#####Sr#***
........#
##S...#
.g#######
*S..~~# ..#
#.)~~~# ..#
#.~~~~# ..#
#.~~~~# ..#
#.~~~∩# ..#
#######


You could see 2 adders, a river rat and 2 ball pythons.

Vanquished Creatures
  A goblin (D:4)
1 creature vanquished.

Notes
Turn   | Place    | Note
-------+----------+-------------------------------------------
     0 | D:5      | drugrobin the Demigod Delver began the quest for the Orb.
     0 | D:5      | Reached XP level 1. HP: 18/18 MP: 3/3
     5 | D:5      | Found a staircase to the Ecumenical Temple.
    64 | D:4      | Noticed a jelly
    93 | D:4      | Noticed a lemure
    93 | D:4      | Noticed a lemure
    94 | D:4      | Noticed Pikel
    94 | D:4      | Noticed a lemure
    95 | D:4      | Noticed a necrophage
   100 | D:4      | Noticed a lemure
   233 | D:4      | Found a glowing drain.
   244 | D:4      | Slain by an adder

Illustrated notes

Levels and vault maps discovered:
D:4:      layout_loops_ring, portal_sewer_entry_b, minivault_11,
          patterned_corridor, uniq_pikel
D:5:      layout_basic, minmay_temple_entry_overgrown,
          hangedman_abyss_or_decor_stabs, uniq_blork_the_orc,
          uniq_prince_ribbit1, uniq_ijyb

Action                   || total
-------------------------++-------
Melee: Unarmed           ||     6
       Punch             ||     1
  Use: Scroll            ||     2
       Potion            ||     2
 Stab: Sleeping          ||     1
Armor: Leather armour    ||     2
Dodge: Dodged            ||     8

Table legend: (Time is in decaauts)
 A = Elapsed time spent in this place.
 B = Non-inter-level travel time spent in this place.
 C = Inter-level travel time spent in this place.
 D = Time resting spent in this place.
 E = Time spent auto-exploring this place.
 F = Levels seen in this place.
 G = Mean time per level.
                   A        B        C        D        E       F      G
               +--------+--------+--------+--------+--------+-----+--------+
         Total |    225 |    225 |      0 |      0 |     19 |   2 |  112.5 |
       Dungeon |    225 |    225 |      0 |      0 |     19 |   2 |  112.5 |
               +--------+--------+--------+--------+--------+-----+--------+

Top non-repeatable levels by time:
     D:4: 210 daAuts
     D:5: 15 daAuts
